 Dungeon Crawl Stone Soup version 0.28.0-53-g5a82cb258f (webtiles) character file.

Game seed: 15618792331044465870

336 ILmort the Cudgeller (level 6, -5/55 HPs)
             Began as a Minotaur Berserker on Aug 14, 2022.
             Was a Priest of Trog.
             Killed from afar by a steam dragon (23 damage)
             ... with a ball of steam
             ... on level 6 of the Dungeon.
             The game lasted 00:10:09 (3976 turns).

ILmort the Cudgeller (Minotaur Berserker)           Turns: 3976, Time: 00:10:09

Health: -5/55      AC: 12    Str: 24    XL:     6   Next: 28%
Magic:  5/5        EV:  7    Int:  4    God:    Trog [***...]
Gold:   122        SH:  0    Dex:  9    Spells: 5/5 levels left

rFire   . . .      SeeInvis .   a - +0 mace
rCold   . . .      Faith    .   (no shield)
rNeg    . . .      Spirit   .   h - +0 plate armour
rPois   .          Reflect  .   (helmet restricted)
rElec   .          Harm     .   (no cloak)
rCorr   .          Rampage  .   l - +0 pair of gloves
Will    .....                   (no boots)
Stlth   ..........              (no amulet)
HPRegen 0.18/turn               (no ring)
MPRegen 0.09/turn               (no ring)

@: no status effects
A: horns 2, retaliatory headbutt
a: Renounce Religion, Berserk, Trog's Hand


You were on level 6 of the Dungeon.
You worshipped Trog.
Trog was most pleased with you.
You visited 1 branch of the dungeon, and saw 6 of its levels.

You collected 122 gold pieces.

Inventory:

Hand Weapons
 a - a +0 mace (weapon)
 o - a +0 giant club
Armour
 b - a +0 animal skin
 h - a +0 plate armour (worn)
 l - a +0 pair of gloves (worn)
Scrolls
 c - a scroll of blinking {unknown}
 e - 2 scrolls of identify {unknown}
 g - 2 scrolls of amnesia {unknown}
 m - a scroll of torment {unknown}
Potions
 d - a potion of might {unknown}
 f - 3 potions of heal wounds {unknown}
 i - 2 potions of attraction {unknown}
 j - 2 potions of degeneration {unknown}
 k - a potion of magic {unknown}
 n - 2 potions of brilliance {unknown}


   Skills:
 * Level 4.9 Fighting
 + Level 7.5 Maces & Flails
 + Level 3.3 Armour
 - Level 2.1 Dodging


You had 5 spell levels left.
You didn't know any spells.
Your spell library was empty.

Dungeon Overview and Level Annotations

Branches:
Dungeon (7/15)
 Temple: D:4-7

Altars:
Cheibriados
Elyvilon
Gozag
Okawaru
Sif Muna

Annotations:
D:3 exclusion: downstairs
D:4 Robin


Innate Abilities, Weirdness & Mutations

You have a pair of horns on your head.
You reflexively headbutt those who attack you in melee.


Message History

You start resting.
You are no longer corroded.
You start resting.
Found 24 stones.
You open the door.
There is an open door here.
A steam dragon comes into view.
The steam dragon breathes steam at you. The ball of steam hits you!
You sock the steam dragon! Your headbutt misses the steam dragon.
You are engulfed in a cloud of scalding steam.
The steam dragon bites you but does no damage.
The steam dragon claws you but does no damage.
You hit the steam dragon. Your headbutt misses the steam dragon.
The steam dragon closely misses you.
The steam dragon claws you but does no damage.
You closely miss the steam dragon. You headbutt the steam dragon!
The steam dragon breathes steam at you. The ball of steam hits you.
You hit the steam dragon but do no damage.
You headbutt the steam dragon, but do no damage.
You are engulfed in a cloud of scalding steam.
The steam dragon barely misses you. You furiously retaliate!
You headbutt the steam dragon. The steam dragon barely misses you.
You hit the steam dragon.
You are engulfed in a cloud of scalding steam.
The steam dragon bites you. The steam dragon barely misses you.
You barely miss the steam dragon.
You are engulfed in a cloud of scalding steam.
The steam dragon barely misses you.
The steam dragon claws you but does no damage.
You hit the steam dragon but do no damage.
The steam dragon bites you but does no damage.
The steam dragon completely misses you.
You closely miss the steam dragon. The steam dragon bites you!
The steam dragon claws you.
You hit the steam dragon. The steam dragon breathes steam at you.
The ball of steam hits you!!
You die...

### #.################
#................#
#.##############.# #.#
#.# #.# #####.#
#'####### #.....#
........####.###########
................@D......
................§.§.....
........................
#.######.........§§.....
#.# #...................
..# #...........(.......
### #...................
#.....##.#......####
######.###....#


You could see a steam dragon (catching breath).

Vanquished Creatures
  An ogre (D:4)
  A jelly (D:6)
  A centaur zombie (D:7)
  An orc priest (D:3)
  6 adders
  An adder skeleton (D:4)
  2 worms (D:2)
  A dart slug (D:2)
  3 orcs
  3 bats
  6 endoplasms
  3 giant cockroaches (D:1)
  8 goblins
  11 hobgoblins
  3 jackals (D:1)
  3 quokkas (D:1)
  12 ball pythons
  4 frilled lizards
  11 kobolds
  3 rats
84 creatures vanquished.

Notes
Turn   | Place    | Note
-------+----------+-------------------------------------------
     0 | D:1      | ILmort the Minotaur Berserker began the quest for the Orb.
     0 | D:1      | Reached XP level 1. HP: 19/19 MP: 0/0
   166 | D:1      | Reached skill level 4 in Maces & Flails
   176 | D:1      | Reached XP level 2. HP: 17/26 MP: 1/1
   591 | D:1      | Found a faded altar of an unknown god.
   849 | D:1      | Reached skill level 5 in Maces & Flails
  1120 | D:2      | Reached XP level 3. HP: 25/31 MP: 2/2
  1120 | D:2      | Reached ** piety under Trog
  1965 | D:2      | Reached XP level 4. HP: 39/39 MP: 3/3
  1968 | D:2      | Reached skill level 6 in Maces & Flails
  2322 | D:3      | Found an iron altar of Okawaru.
  2811 | D:3      | Reached skill level 7 in Maces & Flails
  2811 | D:3      | Reached XP level 5. HP: 45/45 MP: 4/4
  3253 | D:3      | Reached *** piety under Trog
  3379 | D:4      | Noticed Robin
  3381 | D:4      | Noticed a black bear
  3454 | D:4      | Noticed an ogre
  3463 | D:4      | Killed an ogre
  3675 | D:4      | Reached XP level 6. HP: 53/53 MP: 5/5
  3676 | D:4      | Found a shimmering blue altar of Sif Muna.
  3703 | D:4      | You fall into a shaft and drop 3 floors!
  3730 | D:7      | Found an opulent altar of Gozag.
  3735 | D:7      | Found a snail-covered altar of Cheibriados.
  3738 | D:7      | Found a white marble altar of Elyvilon.
  3964 | D:6      | Noticed a steam dragon
  3976 | D:6      | Killed from afar by a steam dragon

Illustrated notes

Levels and vault maps discovered:
D:1:      mrwooster_arrival_statue, layout_loops_ring,
          dreamdust_ecumenical_altar_hidden_monk_grotto
D:2:      minmay_chambers_of_ones, layout_basic, moated_statue
D:3:      layout_loops_ring, okawaru_trees_1
D:4:      layout_rooms, nicolae_overflow_hidden_temple,
          pdpol_wu_jian_five_deadly_venoms, pf_just_have_faith,
          nicolae_overflow_crystal_walls, uniq_robin
D:6:      layout_basic, yredelemnul_altar_generic, hangedman_ru_absence
D:7:      lemuel_insect_pit, layout_cave_pools, grunt_temple_overflow_diamond,
          enter_bailey_2

Skill      XL: |  1  2  3  4  5 |
---------------+----------------+-----
Maces & Flails | 4 5 7 |  7.5
Fighting       | 4 |  4.9
Armour         | 3 |  3.3
Dodging        | |  2.1

Action                   |  1- 3 |  4- 6 || total
-------------------------+-------+-------++-------
Melee: Mace              |   118 |   106 ||   224
       Headbutt          |    16 |    18 ||    34
       Punch             |       |     1 ||     1
 Stab: Sleeping          |     1 |       ||     1
Armor: Animal skin       |     7 |       ||     7
       Plate armour      |    38 |    79 ||   117
Dodge: Dodged            |    63 |    42 ||   105
